 Dungeon Crawl Stone Soup version 0.31.0-1-g2c135a0 (webtiles) character file.

Game seed: 4374483027366155710

330511 brinewave the Executioner (level 21, 0/184 HPs)
             Began as a Minotaur Berserker on Jan 23, 2024.
             Was a High Priest of Trog.
             Slain by a +2 heavy battleaxe (3 damage)
             ... while paralysed
             ... on level 2 of the Elven Halls on Jan 24, 2024.
             The game lasted 02:45:50 (45339 turns).

brinewave the Executioner (Minotaur Berserker)     Turns: 45339, Time: 02:45:51

Health: 0/184      AC: 34    Str: 41      XL:     21   Next: 17%
Magic:  20/20      EV:  2    Int:  0 (3)  God:    Trog [*****.]
Gold:   2277       SH:  0    Dex:  6 (8)  Spells: 20/20 levels left

rFire   + + .        F - +5 war axe (heavy)
rCold   + . .        E - +2 tower shield {AC+3}
rNeg    . . .        r - +0 gold dragon scales
rPois   +            V - +2 hat
rElec   .            y - scarf {repulsion}
rCorr   .            b - +1 pair of gloves of Daffodils {rF+}
SInv    +            j - +2 pair of boots {rampage}
Will    ++++.        B - amulet of reflection Stlth
                     d - ring of Jouthruu {rPois rC+ Will+ Str+6 Dex-3}
HPRegen 1.50/turn    T - ring of see invisible
MPRegen 0.17/turn

%: repel missiles, reflection, rampage
@: paralysed, marked, strong-willed, regenerating, slowed, lost intelligence,
studying 2 skills, unable to read
A: horns 2, retaliatory headbutt, claws 1, hooves 1, deterioration 1, frail 1,
strong 1, cold vulnerability 1
}: 1/15 runes: serpentine
a: Renounce Religion, Berserk, Trog's Hand, Brothers in Arms


You were on level 2 of the Elven Halls.
You worshipped Trog.
Trog was extremely pleased with you.
You visited 6 branches of the dungeon, and saw 31 of its levels.
You also visited: Sewer, Ossuary and Wizlab.

You collected 3498 gold pieces.
You spent 1221 gold pieces at shops.

Inventory:

Hand Weapons
 k - a +5 war axe of flaming
 A - the +8 rapier of Fita Lau {venom, rElec rC- Str+3}
   (You found it in a wizard's laboratory)

   Str+3:     It affects your strength (+3).
   rC-:       It makes you vulnerable to cold.
   rElec:     It insulates you from electricity.
 F - a +5 heavy war axe (weapon)
Missiles
 h - 10 silver javelins (quivered)
 v - 8 atropa-tipped darts
 w - 22 boomerangs
 W - 10 javelins
Armour
 b - the +1 pair of gloves of Daffodils (worn) {rF+}
   (You acquired it on level 1 of the Dungeon)

   rF+:       It protects you from fire.
 j - a +2 pair of boots of rampaging (worn)
 r - +0 gold dragon scales (worn)
 y - a scarf of repulsion (worn)
 z - a +2 cloak of willpower
 E - a +2 tower shield of protection (worn)
 G - a +2 cloak of poison resistance
 L - a +2 plate armour of poison resistance
 N - the +14 plate armour of Rotation {rN++ Will- Int-2 Dex+8}
   (You found it in a wizard's laboratory)

   Int-2:     It affects your intelligence (-2).
   Dex+8:     It affects your dexterity (+8).
   rN++:      It greatly protects you from negative energy.
   Will-:     It decreases your willpower.
 V - a +2 hat (worn)
Jewellery
 d - the ring of Jouthruu (left hand) {rPois rC+ Will+ Str+6 Dex-3}
   (You acquired it on level 1 of the Dungeon)

   [ring of strength]

   Str+6:     It affects your strength (+6).
   Dex-3:     It affects your dexterity (-3).
   rC+:       It protects you from cold.
   rPois:     It protects you from poison Will+: It increases your willpower.
 g - a +6 ring of strength
 B - an amulet of reflection (around neck)
 C - a ring of resist corrosion
 I - a ring of protection from cold
 Q - the ring "Piozoyf" {Will+ Str+2 Int+2}
   (You found it on level 1 of the Orcish Mines)

   [ring of willpower]

   Str+2:     It affects your strength (+2).
   Int+2:     It affects your intelligence (+2).
   Will+:     It increases your willpower.
 T - a ring of see invisible (right hand)
 Y - an amulet of the acrobat
Wands
 a - a wand of roots (16)
 t - a wand of polymorph (6)
 D - a wand of digging (6)
 S - a wand of paralysis (12)
Scrolls
 e - a scroll of blinking
 i - 17 scrolls of teleportation
 l - 14 scrolls of identify
 n - 6 scrolls of revelation
 s - 4 scrolls of brand weapon
 u - 13 scrolls of poison
 x - 6 scrolls of fear
 R - 6 scrolls of fog
Potions
 c - 3 potions of cancellation
 f - 3 potions of resistance
 m - 6 potions of haste
 o - 5 potions of might
 p - 18 potions of curing
 H - 4 potions of invisibility
 K - 4 potions of mutation
 M - 3 potions of berserk rage
 O - 6 potions of heal wounds
 P - 5 potions of enlightenment
 U - 7 potions of ambrosia
 Z - 6 potions of attraction
Miscellaneous
 q - a phantom mirror
 J - a lightning rod (4/4)
 X - a box of beasts


   Skills:
 + Level 21.4 Fighting
 + Level 23.1 Axes
 + Level 20.3 Armour
 + Level 18.8 Dodging
 * Level 20.6 Shields


You had 20 spell levels left.
You didn't know any spells.
Your spell library was empty.

Dungeon Overview and Level Annotations

Branches:
Dungeon (15/15)            Temple (0/1) D:7            Lair (5/5) D:10
 Shoals (0/4) Lair:3        Snake (4/4) Lair:2        Slime (0/5) Lair:4
    Orc (2/2) D:11            Elf (2/3) Orc:2        Vaults (0/5) D:14
 Depths (3/4) D:15          Sewer (visited)         Ossuary (visited)
 WizLab (visited)

Altars:
Dithmenos
Elyvilon
Ru
Vehumet
Zin

Shops:
D:4 (   D:6 *   D:7 *   Orc:2 !=(*   Depths:2 ?

Portals:
Hell: Depths:1 Depths:2 Depths:3
Abyss: D:5 Depths:3
Pandemonium: Depths:2
Ziggurat: Depths:3

Annotations:
D:10 3 runed translucent doors, Zagger's ghost, novice DsFi


Innate Abilities, Weirdness & Mutations

You have a pair of horns on your head.
You reflexively headbutt those who attack you in melee.
You have sharp fingernails.
You have large cloven feet.
Your body sometimes deteriorates upon taking damage.
You are frail. (-10% HP)
Your muscles are strong. (Str +4, Int/Dex -1)
You are vulnerable to cold. (rC-)


Message History

* * * LOW HITPOINT WARNING * * *
You block the +4 trident of venom's attack.
The +2 heavy battleaxe hits something!!!
The deep elf knight gestures at you while chanting.
You block the shard of ice... and reflect it back!
The deep elf knight blocks the shard of ice.
A deep elf pyromancer comes into view. It is wielding a +0 dagger.
Unknown command.
You slice the deep elf knight!!
The deep elf knight is almost dead.
You block the +4 trident of venom's attack.
The deep elf knight gestures at you while chanting.
You block the shard of ice... and reflect it back!
The shard of ice hits the deep elf knight!!!
You kill the deep elf knight!
Trog accepts your kill.
Trog appreciates your killing of a magic user.
You block the +4 trident of venom's attack.
A deep elf knight comes into view.
You feel your strength returning.
You hit the +2 heavy battleaxe.
Your headbutt misses the +2 heavy battleaxe.
The +2 heavy battleaxe is lightly damaged.
You block the +4 trident of venom's attack.
The +2 heavy battleaxe hits you!!
* * * LOW HITPOINT WARNING * * *
Your body deteriorates!
You feel dopey.
You have lost your intelligence.
The deep elf knight casts a spell.
The deep elf knight seems to speed up.
The deep elf pyromancer casts a spell.
The deep elf pyromancer blinks!
A deep elf zephyrmancer comes into view.
It is wielding a +0 dagger.
The +4 trident of venom hits you but does no damage.
Your troll rages.
The +4 trident of venom hits you from afar.
* * * LOW HITPOINT WARNING * * *
A deep elf knight comes into view. It is wielding a +0 short sword.
A deep elf zephyrmancer comes into view.
It is wielding a +0 rapier.
The +2 heavy battleaxe hits you.
You die...

.# ........## ##..## .#
.........###....## .#
........(.#......# .#
........(e......# .#
.........e.....## .#
...##...##(....## .# #.#
##.####.....## '## ###########
##(....# ..##
##...#@#...####e.e...# ..>#
##.....#(()..##(.....##
...#######.......((.e..#(e...##
..).....##.....).)e§..e#.....##
..#####..#.............)......#
'## ##..#........e..#'.......#
^# #...#....8..).#ee......## .#
#..#...)....)..#e.......# .#
###........)....'......##


You could see 2 deep elf knights, 3 deep elf pyromancers, 2 deep elf
zephyrmancers and 4 dancing weapons.

Vanquished Creatures
  2 juggernauts (Depths:2)
  Saint Roka (Snake:2)
  A caustic shrike (Depths:3)
  2 golden dragons
  the Enchantress (Depths:3)
  An iron giant (Depths:2)
  4 tentacled monstrosities
  A walking earthen tome (Depths:3)
  A walking crystal tome (Depths:3)
  A quicksilver dragon (WizLab)
  A moon troll (WizLab)
  2 sphinxes
  8 tentacled starspawn (WizLab)
  Gastronok (Lair:1)
  5 nagarajas
  A shadow dragon (Depths:1)
  A storm dragon (Depths:3)
  A tengu reaver (Depths:3)
  Roxanne (Snake:3)
  8 frost giants
  10 fire giants
  A cacodemon (WizLab)
  3 spriggan defenders
  2 iron dragons
  A balrug (D:15)
  8 very ugly things
  17 stone giants
  2 vampire knights
  An ophan (Depths:1)
  A deep elf death mage (Elf:2)
  Azrael (Snake:1)
  A deep elf annihilator (Elf:2)
  7 spark wasps
  2 deep elf demonologists
  A crystal guardian (WizLab)
  The ghost of Dmuffinman the Fencer, a journeyman MiBe of Trog (Orc:1)
  An eidolon (Depths:1)
  15 starcursed masses (WizLab)
  2 green deaths (Depths:2)
  3 ettins
  A merfolk impaler (Depths:3)
  An entropy weaver (shapeshifter) (D:14)
  An ice dragon (Depths:3)
  7 fire dragons
  3 great orbs of eyes
  2 salamander tyrants (Snake:4)
  A vault guard (D:14)
  2 hydras
  A rakshasa (Depths:2)
  A hell beast (Depths:1)
  2 catoblepae (Lair:5)
  4 spriggan air magi
  7 anacondas
  5 centaur warriors
  Erica (D:8)
  8 boulder beetles
  9 death yaks
  15 dancing weapons
  5 two-headed ogres
  6 deep troll shamans
  17 naga warriors
  6 tengu warriors
  3 deep troll earth magi
  15 naga sharpshooters
  9 orc high priests
  An occultist (Depths:2)
  Sonja (D:11)
  Urug (Lair:1)
  15 deep elf knights
  A spriggan berserker (Depths:2)
  11 shock serpents
  5 hell knights (Depths:3)
  Nergalle (Lair:1)
  A wretched star (WizLab)
  2 skysharks
  5 skeletal warriors (D:12)
  Lodul (D:11)
  9 iron trolls
  4 salamander mystics
  11 deep trolls
  9 glowing orange brains
  12 naga ritualists
  5 orc knights (Orc:2)
  7 deep elf archers
  8 mana vipers
  A mana viper (shapeshifter) (Depths:1)
  19 deep elf zephyrmancers
  13 deep elf pyromancers
  A lindwurm (Lair:5)
  Pikel (D:5)
  3 necromancers (Depths:3)
  2 orc sorcerers (Elf:1)
  11 ugly things
  The ghost of Wizard1ke the Magician, a novice DjEE of Makhleb (D:5)
  3 manticores
  Maurice (D:11)
  A shining eye (Depths:1)
  3 cyclopes (D:12)
  19 salamanders
  21 elephants
  31 black mambas
  10 eyes of devastation
  7 guardian serpents
  2 kobold blastminers (Orc:1)
  5 molten gargoyles (D:14)
  23 naga magi
  A torpor snail (Lair:5)
  14 cane toads
  13 komodo dragons
  A kobold demonologist (D:13)
  Psyche (D:9)
  3 tengu conjurers
  An efreet (D:14)
  A yaktaur (D:15)
  A freezing wraith (D:15)
  11 trolls
  A merfolk (Lair:3)
  7 polar bears
  6 hornets
  A polar bear (shapeshifter) (Elf:2)
  2 glass eyes
  7 dream sheep (Lair:4)
  14 slime creatures
  15 blink frogs
  A centaur simulacrum (D:14)
  9 spriggans
  5 water elementals
  A shadow (D:9)
  A wyvern (Lair:3)
  58 yaks
  A wraith (D:11)
  An air elemental (Elf:2)
  A vampire (D:12)
  Grum (D:8)
  6 wargs
  6 basilisks
  7 fire elementals
  13 golden eyes
  7 vampire mosquitoes
  A neqoxec (WizLab)
  A steam dragon (D:9)
  Edmund (D:4)
  53 nagas
  3 acid dragons
  10 water moccasins
  2 laughing skulls (D:13)
  29 orc warriors
  A sky beast (D:7)
  4 black bears
  3 ice beasts
  3 small abominations (D:5)
  9 ogres
  29 wolves
  18 centaurs
  6 kobold brigands
  An elf zombie (Ossuary)
  A lemure (D:5)
  A weeping skull (Ossuary)
  A phantom (D:6)
  14 bullfrogs
  A brain worm (Sewer)
  4 earth elementals
  2 scorpions
  2 burial acolytes (Ossuary)
  16 wights
  39 killer bees
  6 electric eels
  10 howler monkeys
  2 centaur zombies (Ossuary)
  2 bombardier beetles
  3 hounds
  A human zombie (Ossuary)
  33 orc priests
  2 jellies
  Jessica (D:2)
  6 iguanas (D:4)
  Ijyb (D:3)
  A gnoll bouda (D:3)
  Natasha (thrice) (D:2)
  7 orc wizards
  2 hound zombies (Ossuary)
  2 mummies (Ossuary)
  15 gnolls
  11 adders
  A river rat (Sewer)
  A shadow imp (D:5)
  2 white imps
  3 dart slugs
  6 ribbon worms
  88 orcs
  7 ball pythons
  11 endoplasms
  6 giant cockroaches (D:5)
  9 goblins
  11 hobgoblins
  15 jackals
  4 quokkas
  2 bats
  3 frilled lizards
  8 gnoll zombies (Ossuary)
  22 kobolds
  4 orc zombies (Ossuary)
  10 rats
  21 starspawn tentacles (WizLab)
1359 creatures vanquished.

Vanquished Creatures (collateral kills)
  A quicksilver dragon (WizLab)
  A fire giant (Depths:2)
  A frost giant (Depths:1)
  A spriggan defender (Depths:3)
  2 naga warriors (Snake:2)
  An iron troll (Depths:1)
  2 naga magi
  A queen bee (Lair:1)
  A warg (Snake:2)
  2 nagas (Snake:2)
  2 orc warriors
  An ogre (D:11)
  A killer bee (Lair:1)
17 creatures vanquished.

Vanquished Creatures (others)
  A rakshasa (D:15)
  A centaur warrior (D:15)
  A naga sharpshooter (Snake:2)
  A deep elf knight (Elf:1)
  A black mamba (Snake:4)
  A warg (Snake:2)
  2 nagas
  An orc warrior (D:11)
  An ice beast (shapeshifter) (Elf:1)
  A kobold (Sewer)
  17 starspawn tentacles (WizLab)
28 creatures vanquished.

Grand Total: 1404 creatures vanquished

Notes
Turn   | Place    | Note
-------+----------+-------------------------------------------
     0 | D:1      | brinewave the Minotaur Berserker began the quest for the
                  | Orb.
     0 | D:1      | Reached XP level 1. HP: 19/19 MP: 0/0
    15 | D:1      | Found a faded altar of an unknown god.
   142 | D:1      | Reached XP level 2. HP: 27/27 MP: 1/1
   336 | D:1      | Reached skill level 4 in Axes
   505 | D:1      | Reached ** piety under Trog
   559 | D:1      | Reached XP level 3. HP: 33/33 MP: 2/2
   721 | D:1      | Identified 3 scrolls of acquirement
   726 | D:1      | Acquired the +1 pair of gloves of Daffodils {rF+}
   734 | D:1      | Acquired the ring of Jouthruu {rPois rC+ Will+ Str+6 Dex-3}
   737 | D:1      | Acquired a +6 ring of strength
   838 | D:2      | Noticed Natasha
   845 | D:2      | Killed Natasha
   924 | D:2      | Reached XP level 4. HP: 39/40 MP: 3/3
  1361 | D:2      | Noticed Jessica
  1361 | D:2      | Noticed Natasha
  1375 | D:2      | Killed Natasha
  1377 | D:2      | Killed Jessica
  1412 | D:2      | Reached XP level 5. HP: 47/47 MP: 4/4
  1756 | D:2      | Noticed Natasha
  1765 | D:2      | Killed Natasha
  1929 | D:3      | Reached *** piety under Trog
  1969 | D:3      | Identified the +6 leather armour "Lyiboeba" {rF+ Regen+
                  | Dex-4}
  2024 | D:3      | Reached skill level 5 in Fighting
  2073 | D:3      | Reached skill level 5 in Axes
  2218 | D:3      | Reached XP level 6. HP: 43/56 MP: 5/5
  2298 | D:3      | Noticed Ijyb
  2372 | D:3      | Killed Ijyb
  2653 | D:4      | Reached skill level 5 in Armour
  2653 | D:4      | Reached XP level 7. HP: 46/62 MP: 6/6
  2708 | D:4      | Reached **** piety under Trog
  2742 | D:4      | Reached skill level 6 in Axes
  2869 | D:4      | Reached skill level 5 in Dodging
  2893 | D:4      | Found a sand-covered staircase.
  2905 | Ossuary  | Entered an ossuary
  3119 | Ossuary  | Reached XP level 8. HP: 57/71 MP: 7/7
  3622 | D:4      | Reached skill level 7 in Axes
  3896 | D:4      | Found Fecwuts's Antique Weapon Emporium.
  3896 | D:4      | Noticed Edmund
  3913 | D:4      | Killed Edmund
  4035 | D:4      | Found a shadowy altar of Dithmenos.
  4618 | D:5      | Entered Level 5 of the Dungeon
  4688 | D:5      | Noticed Pikel
  4691 | D:5      | Reached ***** piety under Trog
  4717 | D:5      | Killed Pikel
  4718 | D:5      | Reached skill level 8 in Axes
  4718 | D:5      | Reached XP level 9. HP: 37/81 MP: 8/8
  4792 | D:5      | Found a glowing drain.
  4812 | Sewer    | Entered a sewer
  5121 | Sewer    | Received a gift from Trog
  5581 | D:5      | Found a transporter.
  5643 | D:5      | Found a transporter.
  5644 | D:5      | Found a one-way gate to the infinite horrors of the Abyss.
  5692 | D:5      | Noticed Wizard1ke's ghost (novice DjEE)
  5761 | D:5      | Killed Wizard1ke's ghost
  5762 | D:5      | Reached skill level 9 in Axes
  6325 | D:6      | Reached XP level 10. HP: 91/91 MP: 9/9
  6389 | D:6      | Identified the +4 leather armour of the Trees {rPois Str+2
                  | Dex+2}
  6555 | D:6      | Found Zame's General Store.
  6558 | D:6      | Bought a scroll of fear for 52 gold pieces
  6558 | D:6      | Bought a potion of heal wounds for 65 gold pieces
  6558 | D:6      | Bought 2 potions of enlightenment for 130 gold pieces
  6558 | D:6      | Bought a potion of haste for 130 gold pieces
  6558 | D:6      | Bought a scroll of teleportation for 39 gold pieces
  7040 | D:7      | Found a staircase to the Ecumenical Temple.
  7081 | D:7      | Found Gusick's General Store.
  7108 | D:7      | Found a radiant altar of Vehumet.
  7315 | D:7      | Found a glowing silver altar of Zin.
  7599 | D:8      | Noticed Erica
  7611 | D:8      | Killed Erica
  7612 | D:8      | Reached skill level 10 in Fighting
  7612 | D:8      | Reached skill level 10 in Axes
  7658 | D:8      | Noticed Grum
  7674 | D:8      | Killed Grum
  7674 | D:8      | Received a gift from Trog
  7919 | D:7      | Bought a scroll of identify for 24 gold pieces
  8089 | D:8      | Reached skill level 10 in Armour
  8279 | D:8      | Identified the +4 flail of Fiarifru {pain, Int+4}
  8631 | D:9      | Noticed Psyche
  8641 | D:9      | Killed Psyche
  8654 | D:9      | Reached XP level 11. HP: 72/101 MP: 10/10
  8761 | D:9      | Reached skill level 11 in Axes
  8900 | D:9      | Reached skill level 10 in Dodging
  9103 | D:9      | Found a white marble altar of Elyvilon.
  9223 | D:10     | Entered Level 10 of the Dungeon
  9313 | D:10     | Found a runed translucent gate.
  9313 | D:10     | Found a runed translucent gate.
  9313 | D:10     | Found a runed translucent gate.
  9315 | D:10     | Noticed a red ugly thing
  9315 | D:10     | Noticed a white ugly thing
  9316 | D:10     | Noticed a green ugly thing
  9317 | D:10     | Noticed a white ugly thing
  9319 | D:10     | Noticed a cyan ugly thing
  9319 | D:10     | Noticed a cyan ugly thing
  9405 | D:10     | Found a staircase to the Lair.
 10084 | Lair:1   | Entered Level 1 of the Lair of Beasts
 10164 | Lair:1   | Noticed Nergalle
 10176 | Lair:1   | Killed Nergalle
 10177 | Lair:1   | Reached skill level 12 in Axes
 10390 | Lair:1   | Reached XP level 12. HP: 50/113 MP: 11/11
 10579 | Lair:1   | Noticed Gastronok
 10600 | Lair:1   | Killed Gastronok
 11172 | Lair:1   | Noticed Urug
 11189 | Lair:1   | Killed Urug
 11552 | Lair:2   | Found a staircase to the Snake Pit.
 11835 | Lair:2   | Noticed a six-headed hydra
 11844 | Lair:2   | Killed a one-headed hydra
 11899 | Lair:2   | Reached skill level 13 in Axes
 12810 | Lair:3   | You fall into a shaft and drop 2 floors!
 12810 | Lair:5   | Entered Level 5 of the Lair of Beasts
 13086 | Lair:5   | Reached XP level 13. HP: 114/123 MP: 12/12
 13278 | Lair:4   | Reached skill level 14 in Axes
 13469 | Lair:4   | Found a staircase to the Slime Pits.
 13823 | Lair:3   | Received a gift from Trog
 14394 | Lair:3   | Found a staircase to the Shoals.
 16384 | Lair:5   | Reached skill level 15 in Fighting
 16392 | Lair:4   | Reached skill level 15 in Axes
 16458 | Lair:4   | Reached ****** piety under Trog
 16621 | Lair:5   | Reached XP level 14. HP: 123/135 MP: 13/13
 16855 | Lair:4   | Received a gift from Trog
 16960 | Lair:5   | Reached skill level 15 in Armour
 17189 | Lair:5   | Reached skill level 1 in Shields
 17887 | D:10     | Found a runed translucent gate.
 17887 | D:10     | Found a runed translucent gate.
 17892 | D:10     | Found a runed translucent gate.
 17892 | D:10     | Noticed Zagger's ghost (novice DsFi)
 17942 | D:11     | Noticed Sonja
 17951 | D:11     | Noticed Maurice
 17960 | D:11     | Killed Sonja
 17974 | D:11     | Killed Maurice
 18068 | D:11     | Reached skill level 5 in Shields
 18392 | D:11     | Found a staircase to the Orcish Mines.
 18488 | Orc:1    | Entered Level 1 of the Orcish Mines
 18717 | Orc:1    | Found a runed translucent door.
 18718 | Orc:1    | Noticed Dmuffinman's ghost (journeyman MiBe)
 18911 | Orc:1    | Killed Dmuffinman's ghost
 18915 | Orc:1    | Identified the ring "Piozoyf" {Will+ Str+2 Int+2}
 19038 | Orc:2    | Entered Level 2 of the Orcish Mines
 19083 | Orc:2    | Found a staircase to the Elven Halls.
 19766 | Orc:2    | Received a gift from Trog
 19829 | Orc:2    | Reached skill level 16 in Axes
 20157 | Orc:2    | Reached XP level 15. HP: 144/144 MP: 14/14
 20168 | Orc:2    | Found Wack's Jewellery Emporium.
 20170 | Orc:2    | Found Gigheh's Weapon Shoppe.
 20170 | Orc:2    | Found Loojooq's General Store.
 20171 | Orc:2    | Found Diathris's Distillery.
 20177 | Orc:2    | Bought a potion of resistance for 120 gold pieces
 20177 | Orc:2    | Bought a potion of curing for 36 gold pieces
 20177 | Orc:2    | Bought a potion of heal wounds for 60 gold pieces
 20177 | Orc:2    | Bought a potion of heal wounds for 60 gold pieces
 20177 | Orc:2    | Bought a potion of curing for 36 gold pieces
 20180 | Orc:2    | Bought a scroll of fog for 56 gold pieces
 20180 | Orc:2    | Bought a potion of heal wounds for 70 gold pieces
 20180 | Orc:2    | Bought a scroll of identify for 28 gold pieces
 20180 | Orc:2    | Bought a scroll of revelation for 105 gold pieces
 20185 | Orc:2    | Bought a ring of see invisible for 210 gold pieces
 20381 | D:11     | Noticed Lodul
 20397 | D:11     | Killed Lodul
 22530 | D:13     | Acquired a +2 pair of boots of rampaging
 22708 | D:13     | You fall into a shaft and drop 1 floor!
 22970 | D:14     | Reached skill level 15 in Dodging
 23212 | D:14     | Found a gate to the Vaults.
 23446 | D:14     | Received a gift from Trog
 23454 | D:14     | Reached skill level 10 in Shields
 23783 | D:15     | Entered Level 15 of the Dungeon
 24450 | D:15     | Found a staircase to the Depths.
 24450 | D:15     | Noticed a frost giant
 24455 | D:15     | Killed a frost giant
 24839 | Depths:1 | Entered Level 1 of the Depths
 24842 | Depths:1 | Noticed a fire giant
 24846 | Depths:1 | Noticed a frost giant
 24846 | Depths:1 | Noticed a frost giant
 24851 | Depths:1 | Killed a fire giant
 25276 | Snake:1  | Entered Level 1 of the Snake Pit
 25848 | Snake:1  | Noticed Azrael
 25860 | Snake:1  | Reached XP level 16. HP: 78/154 MP: 15/15
 25872 | Snake:1  | Killed Azrael
 26251 | Snake:1  | Reached skill level 17 in Axes
 26521 | Snake:2  | Noticed Saint Roka
 26525 | Snake:2  | Received a gift from Trog
 26678 | Snake:2  | Killed Saint Roka
 28874 | Snake:3  | Received a gift from Trog
 29367 | Snake:3  | Reached XP level 17. HP: 119/163 MP: 16/16
 29529 | Snake:3  | Acquired a manual of Axes
 29627 | Snake:3  | Noticed Roxanne
 29635 | Snake:3  | Killed Roxanne
 30030 | Snake:4  | Entered Level 4 of the Snake Pit
 30306 | Snake:3  | Reached skill level 18 in Axes
 31065 | Snake:4  | Reached skill level 15 in Shields
 31065 | Snake:4  | Reached XP level 18. HP: 57/173 MP: 17/17
 31424 | Snake:4  | Received a gift from Trog
 31425 | Snake:4  | Reached skill level 19 in Axes
 32197 | Snake:4  | Got a serpentine rune of Zot
 32804 | Elf:1    | Entered Level 1 of the Elven Halls
 33506 | Depths:1 | Noticed a tentacled monstrosity
 33530 | Depths:1 | Killed a tentacled monstrosity
 33562 | Depths:1 | Noticed a golden dragon
 33576 | Depths:1 | Received a gift from Trog
 33845 | D:15     | Killed a golden dragon
 33846 | D:15     | Reached XP level 19. HP: 169/181 MP: 18/18
 34503 | Depths:1 | Reached skill level 20 in Axes
 34831 | Depths:1 | Found a gateway to Hell.
 35138 | Depths:1 | Gained mutation: You are vulnerable to cold. (rC-) [a
                  | shining eye]
 35984 | Depths:2 | Found Nepy's Magic Scroll Boutique.
 36460 | Depths:2 | Found a one-way gate leading to the halls of Pandemonium.
 36497 | Depths:2 | Noticed an iron giant
 36497 | Depths:2 | Noticed a juggernaut
 36498 | Depths:2 | Noticed a juggernaut
 36516 | Depths:2 | Killed a juggernaut
 36519 | Depths:2 | Killed a juggernaut
 36530 | Depths:2 | Killed an iron giant
 36539 | Depths:2 | Received a gift from Trog
 36953 | Depths:2 | Found the +6 shillelagh "Devastator" {shatter}
 37405 | Depths:2 | Found a sacrificial altar of Ru.
 37770 | Depths:3 | Reached skill level 21 in Axes
 37860 | Depths:3 | Found a magical portal.
 37865 | WizLab   | Entered Lehudib's Moon Base
 38482 | WizLab   | Identified the +8 rapier of Fita Lau {venom, rElec rC-
                  | Str+3}
 38546 | WizLab   | Reached XP level 20. HP: 123/193 MP: 19/19
 38784 | WizLab   | Lost mutation: You are vulnerable to cold. (rC-) [potion of
                  | mutation]
 38784 | WizLab   | Gained mutation: Your flesh is cold resistant. (rC+)
                  | [potion of mutation]
 38784 | WizLab   | Gained mutation: You occasionally lose the ability to read
                  | scrolls when taking damage. [potion of mutation]
 38784 | WizLab   | Gained mutation: Your muscles are strong. (Str +4, Int/Dex
                  | -1) [potion of mutation]
 38785 | WizLab   | Lost mutation: Your flesh is cold resistant. (rC+) [potion
                  | of mutation]
 38785 | WizLab   | Lost mutation: Your muscles are strong. (Str +4, Int/Dex
                  | -1) [potion of mutation]
 38785 | WizLab   | Lost mutation: You occasionally lose the ability to read
                  | scrolls when taking damage. [potion of mutation]
 38785 | WizLab   | Gained mutation: You are clumsy. (Dex -2) [potion of
                  | mutation]
 38785 | WizLab   | Lost mutation: You are clumsy. (Dex -2) [potion of
                  | mutation]
 38785 | WizLab   | Gained mutation: You have hidden genetic potential. [potion
                  | of mutation]
 38786 | WizLab   | Lost mutation: You have hidden genetic potential. [potion
                  | of mutation]
 38786 | WizLab   | Gained mutation: You have sharp fingernails. [potion of
                  | mutation]
 38786 | WizLab   | Gained mutation: You have large cloven feet. [potion of
                  | mutation]
 38786 | WizLab   | Gained mutation: Your muscles are strong. (Str +4, Int/Dex
                  | -1) [potion of mutation]
 39031 | WizLab   | Gained mutation: You are frail. (-10% HP) [a cacodemon]
 39037 | WizLab   | Gained mutation: You are vulnerable to cold. (rC-) [a
                  | cacodemon]
 39053 | WizLab   | Received a gift from Trog
 39447 | WizLab   | Found a transporter.
 39499 | WizLab   | Gained mutation: Your body sometimes deteriorates upon
                  | taking damage. [a neqoxec]
 39535 | WizLab   | Found a transporter.
 39941 | WizLab   | Identified the +14 plate armour of Rotation {rN++ Will-
                  | Int-2 Dex+8}
 39947 | WizLab   | Identified the +6 chain mail of the Morning {Dex+2}
 40095 | Depths:3 | Identified the +4 rapier of the Shrike {freeze, rElec Str+3
                  | SInv}
 40254 | Depths:3 | Noticed a caustic shrike
 40258 | Depths:3 | Killed a caustic shrike
 40314 | Depths:3 | Noticed a golden dragon
 40325 | Depths:3 | Killed a golden dragon
 40334 | Depths:3 | Reached skill level 22 in Axes
 40567 | Depths:3 | Identified the +0 leather armour "Cyclusur" {Harm Regen+
                  | Dex-2}
 40644 | Depths:3 | Found a one-way gateway to a ziggurat.
 40902 | Depths:3 | Received a gift from Trog
 41213 | Depths:3 | Noticed the Enchantress
 41224 | Depths:3 | Killed the Enchantress
 41257 | Depths:3 | HP: 5/175 [spriggan air mage/the air[the Enchantress] (35)]
 44290 | Elf:2    | Identified the +8 hand axe of the Blessed Realm {heavy,
                  | Will+ rCorr Dex+4 SInv} (Trog gifted it to you on level 2
                  | of the Elven Halls)
 44290 | Elf:2    | Received a gift from Trog
 44290 | Elf:2    | Paralysed by an air elemental for 1 turns
 44682 | Elf:2    | Reached XP level 21. HP: 183/183 MP: 20/20
 44696 | Elf:2    | Found a huge runed translucent gate.
 44696 | Elf:2    | Found a huge runed translucent gate.
 44696 | Elf:2    | Found a huge runed translucent gate.
 44696 | Elf:2    | Found a huge runed translucent gate.
 44697 | Elf:2    | Found a huge runed translucent gate.
 44855 | Elf:2    | Reached skill level 23 in Axes
 45338 | Elf:2    | HP: 5/184 [+2 heavy battleaxe (23)]
 45338 | Elf:2    | Lost intelligence.
 45339 | Elf:2    | Slain by a +2 heavy battleaxe

Illustrated notes

Levels and vault maps discovered:
D:1:      dpeg_arrival_tiny_d, layout_loops_ring,
          shapermc_ecumenical_altar_mp_highgroup, serial_bayou_lake_a
D:2:      layout_basic, uniq_natasha, uniq_jessica
D:3:      lemuel_castle_with_subvaults [lemuel_castle_interior_carwin_3],
          layout_loops_ring, uniq_ijyb
D:4:      nicolae_BIG_FREAKIN_CUBE, layout_loops_ring,
          grunt_dithmenos_smoke_and_mirrors, chequers_ossuary_entry_cave,
          serial_shops, shop, uniq_edmund
D:5:      layout_loops_ring, portal_sewer_entry_f,
          gammafunk_ghost_abyssal_escape, uniq_pikel
D:6:      layout_basic, serial_shops, kennysheep_mini
D:7:      layout_layer_cave, zin_statuary, vehumet_altar_wand_db,
          minmay_temple_entry_glass, serial_shops, nicolae_shop_behind_doors
D:8:      layout_loops_ring, uniq_erica, uniq_grum
D:9:      layout_rooms, nicolae_elyvilon_peaceful_grove, uniq_psyche
D:10:     layout_roguey, erik_lair_orcish_takeover,
          ploomutoo_gammafunk_ghost_potion_laboratory
D:11:     layout_roguey, erik_orc_2, uniq_lodul, uniq_sonja, uniq_maurice
D:12:     layout_layer_cave
D:13:     layout_basic, reono_crystal_passage
D:14:     layout_cave_pools, david_vaults_5, serial_co_window_serial,
          co_window_corner_a, co_window_paths_b, co_window_corner_a,
          co_window_corner_a, co_window_paths_a, co_window_paths_c,
          co_window_broadway_b, co_window_paths_c, co_window_unsneaky_path_b,
          co_window_paths_c, co_window_broadway_c, co_window_corner_cb,
          minivault_8
D:15:     grunt_enter_depths_snipers, layout_loops_corners, serial_bayou_shore_b
Lair:1:   layout_roguey [special_room_bee], serial_bayou_shore_b,
          infiniplex_staircase_pool, uniq_gastronok, uniq_urug, uniq_nergalle
Lair:2:   layout_loops_ring, dummy_snake_entry, grunt_forest_stairs_basic,
          grunt_megastairs_4
Lair:3:   layout_layer_cave, elwin_shoals_entry_rooms, grunt_megastairs_2,
          serial_bayou_shore_b
Lair:4:   layout_regular_city, slime_entry_1, cheibrodos_lair_lostbears,
          lemuel_fruit_tree
Lair:5:   grunt_lair_end_beastmaster, layout_loops_ring
Snake:1:  layout_cave_shapes, nicolae_triple_integral, uniq_azrael
Snake:2:  layout_cave_town, nrook_guardian_serpent_double, uniq_saint_roka
Snake:3:  layout_chambers, uniq_roxanne
Snake:4:  snake_pit, layout_misc_corridors, serial_bayou_shore_b,
          grunt_megastairs_5
Orc:1:    layout_caves, ebering_ghost_inner_flame
Orc:2:    st_orc_pillars, layout_diamond_mine
Elf:1:    nicolae_elf_arrival_no_cutting_in_line, layout_geoelf_diagonals,
          minivault_28, st_stairs_13, eino_tiny_chamber, patterned_corridor
Elf:2:    elven_hall_of_blades_hangedman_alternative
          [mumra_blade_entry_bloodbath], layout_geoelf_diagonals
Depths:1: minmay_dotted_concentric_squares, layout_basic, grunt_mini_vestibule,
          serial_sigils_hangedman_etch, hangedman_eye_storm
Depths:2: minmay_roctagon, layout_basic, rand_demon_pan_entry_3, hell_entry,
          nicolae_ru_path_of_blood, infiniplex_staircase_spiral_double,
          serial_bayou_shore_b, firewood_loft, minmay_shop_star
Depths:3: minmay_the_grid_triangle_9x9_rhombus_thin
          [minmay_the_grid_triangle_9x9_descending_squares,
          minmay_the_grid_triangle_9x9_prize_insulated,
          minmay_the_grid_triangle_9x9_swiss_cheese,
          minmay_the_grid_triangle_9x9_sparse_checkered], layout_gridlike,
          enter_ziggurat_a, hell_entry, hangedman_decor_growths, abyss_entry,
          mu_enter_wizlab_2, uniq_enchantress

Skill      XL: |  1  2  3  4  5  6  7  8  9 10 11 12 13 14 15 16 17 18 19 20 21 |
---------------+----------------------------------------------------------------+-----
Fighting       | 4 5 6 8 9 10 12 13 15 16 17 18 19 21 | 21.4
Axes           | 4 5 6 8 9 10 12 13 15 16 17 18 19 21 22 23 | 23.1
Armour         | 3 4 5 7 9 10 12 13 14 15 16 17 18 19 20 | 20.3
Dodging        | 3 4 5 6 8 9 11 12 13 14 15 16 17 18 | 18.8
Shields        | 7 11 13 15 16 18 20 | 20.6

Action                     |  1- 3 |  4- 6 |  7- 9 | 10-12 | 13-15 | 16-18 | 19-21 || total
---------------------------+-------+-------+-------+-------+-------+-------+-------++-------
  Melee: Hand axe          |    72 |   181 |   268 |    28 |       |       |       ||   549
         Headbutt          |     7 |    24 |    56 |    88 |   167 |   159 |   218 ||   719
         Punch             |       |       |     4 |     3 |     2 |       |       ||     9
         Bardiche          |       |       |    70 |   308 |       |       |       ||   378
         War axe           |       |       |       |   135 |   858 |   701 |   900 ||  2594
  Throw: Stone             |     3 |       |       |       |       |       |       ||     3
         Dart              |       |     1 |       |       |    12 |       |       ||    13
         Boomerang         |       |       |       |       |     1 |       |       ||     1
         Javelin           |       |       |       |       |       |     1 |       ||     1
 Invoke: Berserk           |       |     1 |     1 |     3 |       |     2 |       ||     7
         Trog's Hand       |       |     1 |       |     1 |     1 |     2 |     2 ||     7
         Brothers in Arms  |       |       |       |     1 |     2 |     5 |     6 ||    14
  Evoke: Wand              |       |     1 |       |       |       |       |       ||     1
         Box of beasts     |       |       |       |     1 |       |       |       ||     1
    Use: Scroll            |     7 |     1 |     7 |     5 |    15 |     4 |     3 ||    42
         Potion            |       |     1 |       |       |     1 |     4 |     6 ||    12
   Stab: Petrified         |       |       |       |       |    10 |       |       ||    10
 Armour: Animal skin       |     7 |       |       |       |       |       |       ||     7
         Chain mail        |    28 |   145 |   200 |     1 |       |       |       ||   374
         Leather armour    |       |       |       |   295 |       |       |       ||   295
         Plate armour      |       |       |       |    79 |   585 |   342 |       ||  1006
         Gold dragon scale |       |       |       |       |       |       |   560 ||   560
  Dodge: Dodged            |    34 |    97 |   170 |   392 |   290 |   146 |   145 ||  1274
         Repelled          |       |       |     6 |     5 |    10 |    22 |    12 ||    55
  Block: Other             |       |       |    57 |   117 |    64 |       |       ||   238
         Reflection        |       |       |     6 |     4 |    58 |   128 |    46 ||   242
         Tower shield      |       |       |       |       |   734 |  1017 |   931 ||  2682
